TOP OF THE 1ST |
Nebraska Cornhuskers batting - Pitching for UCLA Bruins : RHP Bill Bowen
|
Pitching: RHP Bill Bowen
|
|
Batting: RHB Michael Reed
|
0-0: Called Strike 0-1: Called Strike 0-2: Strikes out swinging
|
Batting: RHB Jeff Willis
|
0-0: Ball 1-0: Called Strike 1-1: Foul Ball, location: 2F 1-2: Hit by Pitch
|
Batting: LHB José Pérez
|
0-0: Fielders Choice at 2nd, 1-6 (Groundball, 13S)
|
Batting: SHB Carl Rivers
|
0-0: SINGLE (Line Drive, 8RS) José Pérez to second Runner from 2nd tries for 3rd, SAFE, throw made to third
|
Batting: LHB Luis García
|
0-0: Foul Ball, location: 2F 0-1: Called Strike 0-2: Ball 1-2: Foul Ball, location: 2F 1-2: Ball 2-2: Ground out U3 (Groundball, 3L)
|
Top of the 1st over - 0 run(s), 1 hit(s), 0 error(s), 2 left on base; Nebraska 0 - UCLA 0 |
BOTTOM OF THE 1ST |
UCLA Bruins batting - Pitching for Nebraska Cornhuskers : RHP Jim Dailey
|
Pitching: RHP Jim Dailey
|
|
Batting: RHB Kent Bannatyne
|
0-0: DOUBLE (Flyball, 7LM)
|
Batting: LHB Rob Phillips
|
0-0: Ball 1-0: SINGLE (Groundball, 6D) Kent Bannatyne to third Runner from 3rd tries for Home, SAFE, no throw
|
Batting: RHB Phil Thomas
|
0-0: Ball 1-0: Ball 2-0: Fly out, F7 (Flyball, 7)
|
Batting: RHB Mike Green
|
0-0: Ball 1-0: Foul Ball, location: 2F 1-1: Ball 2-1: Grounds into double play, 6-4-3 (Groundball, 6)
|
Bottom of the 1st over - 1 run(s), 2 hit(s), 0 error(s), 0 left on base; Nebraska 0 - UCLA 1 |
TOP OF THE 2ND |
Nebraska Cornhuskers batting - Pitching for UCLA Bruins : RHP Bill Bowen
|
Batting: RHB Jeffery Taylor
|
0-0: Ball 1-0: Foul Ball, location: 2F 1-1: Reached on error, E5 (Groundball, 56)
|
Batting: RHB Ronald Hodge
|
0-0: Ball 1-0: Called Strike 1-1: Ball Passed Ball! Jeffery Taylor to second 2-1: Foul Ball, location: 2F 2-2: Foul Ball, location: 2F 2-2: Ball 3-2: Base on Balls
|
Batting: LHB Edmund Bilbrey
|
0-0: Called Strike 0-1: Fly out, F6 (Line Drive, 6M)
|
Batting: RHB Guy Bullard
|
0-0: Ball 1-0: Swinging Strike 1-1: Foul Ball, location: 2F 1-2: Ball 2-2: Foul Ball, location: 2F 2-2: Strikes out swinging
|
Batting: RHB Michael Reed
|
0-0: Ground out 5-3 (Groundball, 56S)
|
Top of the 2nd over - 0 run(s), 0 hit(s), 1 error(s), 2 left on base; Nebraska 0 - UCLA 1 |
BOTTOM OF THE 2ND |
UCLA Bruins batting - Pitching for Nebraska Cornhuskers : RHP Jim Dailey
|
Batting: RHB John Pineau
|
0-0: Ball 1-0: Swinging Strike 1-1: Swinging Strike 1-2: Ball 2-2: Foul Ball, location: 2F 2-2: Strikes out looking
|
Batting: LHB Lonnie Romero
|
0-0: Swinging Strike 0-1: Fly out, F3 (Popup, 3S)
|
Batting: RHB José Soto
|
0-0: Called Strike 0-1: Ground out 4-3 (Groundball, 4D)
|
Bottom of the 2nd over - 0 run(s), 0 hit(s), 0 error(s), 0 left on base; Nebraska 0 - UCLA 1 |
TOP OF THE 3RD |
Nebraska Cornhuskers batting - Pitching for UCLA Bruins : RHP Bill Bowen
|
Batting: RHB Jeff Willis
|
0-0: Ball 1-0: Ball 2-0: Foul Ball, location: 2F 2-1: Foul Ball, location: 2F 2-2: Ball 3-2: Foul Ball, location: 2F 3-2: Strikes out looking
|
Batting: LHB José Pérez
|
0-0: Ball 1-0: Called Strike 1-1: Fly out, F8 (Flyball, 8LM)
|
Batting: SHB Carl Rivers
|
0-0: Ball 1-0: Swinging Strike 1-1: Ball 2-1: Foul Ball, location: 2F 2-2: Strikes out swinging
|
Top of the 3rd over - 0 run(s), 0 hit(s), 0 error(s), 0 left on base; Nebraska 0 - UCLA 1 |
BOTTOM OF THE 3RD |
UCLA Bruins batting - Pitching for Nebraska Cornhuskers : RHP Jim Dailey
|
Batting: RHB Steve Webb
|
0-0: Foul Ball, location: 2F 0-1: Ball 1-1: Ball 2-1: Fly out, F8 (Flyball, 8LM)
|
Batting: RHB Chad Walter
|
0-0: Called Strike 0-1: Ball 1-1: Foul Ball, location: 2F 1-2: Ground out 4-3 (Groundball, 4)
|
Batting: RHB Kent Bannatyne
|
0-0: Ball 1-0: SOLO HOME RUN (Flyball, 8LXD), Distance : 407 ft
|
Batting: LHB Rob Phillips
|
0-0: Ground out 6-3 (Groundball, 6)
|
Bottom of the 3rd over - 1 run(s), 1 hit(s), 0 error(s), 0 left on base; Nebraska 0 - UCLA 2 |
TOP OF THE 4TH |
Nebraska Cornhuskers batting - Pitching for UCLA Bruins : RHP Bill Bowen
|
Batting: LHB Luis García
|
0-0: Ball 1-0: Called Strike 1-1: SINGLE (Groundball, 56D)
|
Batting: RHB Jeffery Taylor
|
0-0: Called Strike 0-1: Swinging Strike 0-2: Ball 1-2: Ball 2-2: Ball 3-2: SINGLE (Groundball, 56D) Luis García to second
|
Batting: RHB Ronald Hodge
|
0-0: Called Strike 0-1: Ball 1-1: Ball 2-1: Swinging Strike 2-2: Foul Ball, location: 2F 2-2: Strikes out swinging
|
Batting: LHB Edmund Bilbrey
|
0-0: Ball 1-0: Fielders Choice at 2nd, 3-6 (Groundball, 34) Luis García to third
|
Batting: RHB Guy Bullard
|
0-0: Ground out 6-3 (Groundball, 6S)
|
Top of the 4th over - 0 run(s), 2 hit(s), 0 error(s), 2 left on base; Nebraska 0 - UCLA 2 |
BOTTOM OF THE 4TH |
UCLA Bruins batting - Pitching for Nebraska Cornhuskers : RHP Jim Dailey
|
Batting: RHB Phil Thomas
|
0-0: Called Strike 0-1: Foul Ball, location: 2F 0-2: Ball 1-2: Ball 2-2: Fly out, F2 (Popup, 2R)
|
Batting: RHB Mike Green
|
0-0: Ball 1-0: Called Strike 1-1: Ball 2-1: Called Strike 2-2: Foul Ball, location: 2F 2-2: Ground out 6-3 (Groundball, 6)
|
Batting: RHB John Pineau
|
0-0: Called Strike 0-1: SINGLE (Groundball, 34D)
|
Batting: LHB Lonnie Romero
|
0-0: Ball 1-0: Foul Ball, location: 2F 1-1: Ball Wild Pitch! John Pineau to second 2-1: Ball 3-1: Base on Balls
|
Batting: RHB José Soto
|
0-0: Ball 1-0: Called Strike 1-1: Ball 2-1: Called Strike 2-2: Strikes out looking
|
Bottom of the 4th over - 0 run(s), 1 hit(s), 0 error(s), 2 left on base; Nebraska 0 - UCLA 2 |
TOP OF THE 5TH |
Nebraska Cornhuskers batting - Pitching for UCLA Bruins : RHP Bill Bowen
|
Batting: RHB Michael Reed
|
0-0: Called Strike 0-1: Foul Ball, location: 2F 0-2: Ball 1-2: Foul Ball, location: 2F 1-2: Ball 2-2: Foul Ball, location: 2F 2-2: Foul Ball, location: 2F 2-2: Strikes out swinging
|
Batting: RHB Jeff Willis
|
0-0: Ball 1-0: Called Strike 1-1: Called Strike 1-2: Foul Ball, location: 2F 1-2: Ball 2-2: Ball 3-2: Fly out, F6 (Line Drive, 6)
|
Batting: LHB José Pérez
|
0-0: Fly out, F7 (Flyball, 7S)
|
Top of the 5th over - 0 run(s), 0 hit(s), 0 error(s), 0 left on base; Nebraska 0 - UCLA 2 |
BOTTOM OF THE 5TH |
UCLA Bruins batting - Pitching for Nebraska Cornhuskers : RHP Jim Dailey
|
Batting: RHB Steve Webb
|
0-0: Swinging Strike 0-1: Swinging Strike 0-2: Ball 1-2: Ball 2-2: Foul Ball, location: 2F 2-2: Strikes out looking
|
Batting: RHB Chad Walter
|
0-0: Called Strike 0-1: Ball 1-1: Ball 2-1: Ball 3-1: Base on Balls
|
Batting: RHB Kent Bannatyne
|
0-0: Ground out 6-3 (Groundball, 6S) Chad Walter to second
|
Batting: LHB Rob Phillips
|
0-0: Ball 1-0: Swinging Strike 1-1: Foul Ball, location: 2F 1-2: Ball 2-2: Ground out 4-3 (Groundball, 4)
|
Bottom of the 5th over - 0 run(s), 0 hit(s), 0 error(s), 1 left on base; Nebraska 0 - UCLA 2 |
TOP OF THE 6TH |
Nebraska Cornhuskers batting - Pitching for UCLA Bruins : RHP Bill Bowen
|
Pitching: RHP Everett Stewart
|
|
Batting: SHB Carl Rivers
|
0-0: Ball 1-0: Ball 2-0: Ball 3-0: Called Strike 3-1: Base on Balls
|
Batting: LHB Luis García
|
0-0: Ball Carl Rivers steals 2nd base 1-0: SINGLE (Groundball, 4MS) (infield hit) Carl Rivers to third
|
Batting: RHB Jeffery Taylor
|
0-0: Ball 1-0: Foul Ball, location: 2F 1-1: Ball 2-1: DOUBLE (Line Drive, 9LS) Carl Rivers scores Luis García to third
|
Batting: RHB Ronald Hodge
|
0-0: Swinging Strike 0-1: Fly out, F2 (Popup, 13S)
|
Batting: LHB Edmund Bilbrey
|
0-0: Swinging Strike 0-1: Ball 1-1: Foul Ball, location: 2F 1-2: Ball 2-2: Strikes out swinging
|
Batting: RHB Guy Bullard
|
0-0: Foul Ball, location: 2F 0-1: Ball 1-1: Ball 2-1: Ball 3-1: Base on Balls
|
Batting: RHB Michael Reed
|
0-0: Called Strike 0-1: Foul Ball, location: 2F 0-2: Ball 1-2: Foul Ball, location: 2F 1-2: Ball 2-2: SINGLE (Flyball, 89M) Luis García scores Jeffery Taylor to third Guy Bullard to second Runner from 3rd tries for Home, SAFE, throw made home Guy Bullard to third Michael Reed to second
|
Pitching: RHP Bryan Prince
|
|
Batting: RHB Jeff Willis
|
0-0: Ball 1-0: Ball 2-0: Ball 3-0: Base on Balls
|
Batting: LHB José Pérez
|
0-0: Ball 1-0: Called Strike 1-1: Foul Ball, location: 2F 1-2: SINGLE (Flyball, 78M) Guy Bullard scores Michael Reed to third Jeff Willis to second Runner from 3rd tries for Home, SAFE, no throw
|
Batting: SHB Carl Rivers
|
0-0: Called Strike 0-1: Foul Ball, location: 2F 0-2: SINGLE (Line Drive, 4MD) Jeff Willis to third José Pérez to second Runner from 3rd tries for Home, SAFE, throw made home José Pérez to third Carl Rivers to second
|
Batting: LHB Luis García
|
0-0: Ball 1-0: Ball 2-0: Foul Ball, location: 2F 2-1: Ground out 6-3 (Groundball, 6)
|
Top of the 6th over - 6 run(s), 5 hit(s), 0 error(s), 2 left on base; Nebraska 6 - UCLA 2 |
BOTTOM OF THE 6TH |
UCLA Bruins batting - Pitching for Nebraska Cornhuskers : RHP Jim Dailey
|
Batting: RHB Phil Thomas
|
0-0: Ball 1-0: Foul Ball, location: 2F 1-1: Ball 2-1: Fly out, F9 (Flyball, 9LM)
|
Batting: RHB Mike Green
|
0-0: Called Strike 0-1: Called Strike 0-2: Foul Ball, location: 2F 0-2: Strikes out swinging
|
Batting: RHB John Pineau
|
0-0: Ball 1-0: Ball 2-0: Foul Ball, location: 2F 2-1: Ground out 6-3 (Groundball, 6)
|
Bottom of the 6th over - 0 run(s), 0 hit(s), 0 error(s), 0 left on base; Nebraska 6 - UCLA 2 |
TOP OF THE 7TH |
Nebraska Cornhuskers batting - Pitching for UCLA Bruins : RHP Bryan Prince
|
Batting: RHB Jeffery Taylor
|
0-0: Called Strike 0-1: Ball 1-1: Foul Ball, location: 2F 1-2: Foul Ball, location: 2F 1-2: Ball 2-2: Ball 3-2: Ground out 3-1 (Groundball, 34)
|
Batting: RHB Ronald Hodge
|
0-0: Foul Ball, location: 2F 0-1: Ball 1-1: Ball 2-1: Ball 3-1: Foul Ball, location: 2F 3-2: Base on Balls
|
Batting: LHB Edmund Bilbrey
|
0-0: Called Strike 0-1: Foul Ball, location: 2F 0-2: Ball 1-2: Ball 2-2: Strikes out swinging
|
Batting: RHB Guy Bullard
|
0-0: Ball 1-0: Foul Ball, location: 2F 1-1: Called Strike 1-2: Ball 2-2: Strikes out swinging
|
Top of the 7th over - 0 run(s), 0 hit(s), 0 error(s), 1 left on base; Nebraska 6 - UCLA 2 |
BOTTOM OF THE 7TH |
UCLA Bruins batting - Pitching for Nebraska Cornhuskers : RHP Jim Dailey
|
Pitching: RHP Rick James
|
|
Batting: LHB Lonnie Romero
|
0-0: Ball 1-0: Fly out, F8 (Flyball, 8RM)
|
Batting: RHB José Soto
|
0-0: Swinging Strike 0-1: Foul Ball, location: 2F 0-2: Strikes out looking
|
Batting: RHB Steve Webb
|
0-0: Ball 1-0: Fly out, F9 (Flyball, 89M)
|
Bottom of the 7th over - 0 run(s), 0 hit(s), 0 error(s), 0 left on base; Nebraska 6 - UCLA 2 |
TOP OF THE 8TH |
Nebraska Cornhuskers batting - Pitching for UCLA Bruins : RHP Bryan Prince
|
Batting: RHB Michael Reed
|
0-0: Ball 1-0: Called Strike 1-1: Foul Ball, location: 2F 1-2: Foul Ball, location: 2F 1-2: Hit by Pitch
|
Batting: RHB Jeff Willis
|
0-0: Hit by Pitch Michael Reed to second
|
Batting: LHB José Pérez
|
0-0: Ball 1-0: Grounds into double play, 3-6-1 (Groundball, 34) Michael Reed to third
|
Batting: SHB Carl Rivers
|
0-0: Foul Ball, location: 2F 0-1: Ball 1-1: Foul Ball, location: 2F 1-2: SINGLE (Line Drive, 6M) Michael Reed scores
|
Pitching: LHP Bryan Vaughan
|
|
Batting: LHB Luis García
|
0-0: Swinging Strike 0-1: Called Strike 0-2: Ball 1-2: Ball 2-2: SINGLE (Line Drive, 4MD) Carl Rivers to second
|
Batting: RHB Jeffery Taylor
|
0-0: Foul Ball, location: 2F 0-1: Ground out 5-3 (Groundball, 56S)
|
Top of the 8th over - 1 run(s), 2 hit(s), 0 error(s), 2 left on base; Nebraska 7 - UCLA 2 |
BOTTOM OF THE 8TH |
UCLA Bruins batting - Pitching for Nebraska Cornhuskers : RHP Rick James
|
Batting: RHB Chad Walter
|
0-0: Ball 1-0: Called Strike 1-1: Ball 2-1: Ball 3-1: Base on Balls
|
Batting: RHB Kent Bannatyne
|
0-0: Ball 1-0: Fielders Choice at 2nd, 1-6 (Groundball, 13)
|
Batting: LHB Rob Phillips
|
0-0: Ball 1-0: Ball 2-0: Ball 3-0: Called Strike 3-1: Swinging Strike 3-2: Foul Ball, location: 2F 3-2: Grounds into double play, 6-4-3 (Groundball, 6)
|
Bottom of the 8th over - 0 run(s), 0 hit(s), 0 error(s), 0 left on base; Nebraska 7 - UCLA 2 |
TOP OF THE 9TH |
Nebraska Cornhuskers batting - Pitching for UCLA Bruins : LHP Bryan Vaughan
|
Batting: RHB Ronald Hodge
|
0-0: Ball 1-0: Called Strike 1-1: Called Strike 1-2: Ball 2-2: Strikes out swinging
|
Batting: LHB Edmund Bilbrey
|
0-0: Ball 1-0: Called Strike 1-1: Ball 2-1: Ball 3-1: Base on Balls
|
Batting: RHB Guy Bullard
|
0-0: Grounds into double play, 4-6-3 (Groundball, 4M)
|
Top of the 9th over - 0 run(s), 0 hit(s), 0 error(s), 0 left on base; Nebraska 7 - UCLA 2 |
BOTTOM OF THE 9TH |
UCLA Bruins batting - Pitching for Nebraska Cornhuskers : RHP Rick James
|
Now at SS: Darrell Beard
|
|
Batting: RHB Phil Thomas
|
0-0: Called Strike 0-1: SINGLE (Groundball, 6S) (infield hit)
|
Batting: RHB Mike Green
|
0-0: Swinging Strike 0-1: Ball 1-1: Called Strike 1-2: Strikes out swinging
|
Batting: RHB John Pineau
|
0-0: Ball 1-0: Ball 2-0: Ball 3-0: Called Strike 3-1: Base on Balls Phil Thomas to second
|
Batting: LHB Lonnie Romero
|
0-0: Grounds into double play, 4-6-3 (Groundball, 4)
|
Bottom of the 9th over - 0 run(s), 1 hit(s), 0 error(s), 1 left on base; Nebraska 7 - UCLA 2 |
|